 Dungeon Crawl Stone Soup version 0.31-a0-1019-g3dd9dd1025 (webtiles) character file.

Game seed: 4433447234859832438

257 Azuregosa the Trooper (level 6, -2/49 HPs)
             Began as a Djinni Fighter on Nov 17, 2023.
             Slain by a sky beast (5 damage)
             ... on level 4 of the Dungeon.
             The game lasted 00:06:41 (2877 turns).

Azuregosa the Trooper (Djinni Fighter)              Turns: 2877, Time: 00:06:42

Health: -2/49      AC:  6    Str: 17    XL:     6   Next: 39%
Gold:   137        EV:  9    Int:  9    God:
                   SH:  5    Dex: 13

rFire   + + .        p - +1 short sword (elec)
rCold   x . .        c - +0 buckler
rNeg    . . .        b - +0 scale mail
rPois   ∞            (no helmet)
rElec   .            (no cloak)
rCorr   .            (no gloves)
SInv    .            (boots unavailable)
Will    .....        l - amulet of regeneration Stlth
                     (no ring)
HPRegen 1.08/turn    (no ring)
MPRegen 0.00/turn

%: infuse magic (-3 HP)
@: flying
A: sickness immunity, fire resistance 2, cold vulnerability 1, float, innate
caster, HP casting, extra vitality 1
a: no special abilities


You were on level 4 of the Dungeon.
You visited 1 branch of the dungeon, and saw 4 of its levels.

You collected 137 gold pieces.

Inventory:

Hand Weapons
 a - a +0 rapier
 p - a +1 short sword of electrocution (weapon)
Missiles
 g - 29 stones
 s - 6 javelins
Armour
 b - a +0 scale mail (worn)
 c - a +0 buckler (worn)
Jewellery
 l - an amulet of regeneration (around neck)
Talismans
 h - a flux talisman
 q - a flux talisman
Scrolls
 e - 2 scrolls of enchant weapon {unknown}
 j - 5 scrolls of identify {unknown}
 k - 4 scrolls of teleportation {unknown}
 m - a scroll of butterflies {unknown}
 n - a scroll of poison {unknown}
 o - a scroll of fear {unknown}
 t - a scroll of immolation {unknown}
Potions
 d - a potion of might
 f - 2 potions of cancellation {unknown}
 i - 3 potions of curing {unknown}
 r - a potion of magic {unknown}
 u - a potion of invisibility {unknown}


   Skills:
 - Level 5.4 Fighting
 - Level 1.7 Short Blades
 - Level 3.0 Armour
 + Level 4.0 Shields
 + Level 1.7 Spellcasting
 + Level 1.7 Conjurations
 + Level 1.7 Hexes
   Level 0.0 Charms
 + Level 1.7 Summonings
 + Level 1.7 Necromancy
 + Level 1.7 Translocations
 + Level 1.7 Transmutations
 + Level 1.7 Fire Magic
 + Level 1.7 Ice Magic
 + Level 1.7 Air Magic
 + Level 1.7 Earth Magic
 + Level 1.7 Poison Magic


You knew the following spells:

 Your Spells              Type           Power      Damage    Failure   Level
a - Sandblast             Erth           6%         2d5       58%         1
b - Passwall              Tmut/Erth      2%         N/A       73%         2
Your spell library was empty.

Dungeon Overview and Level Annotations

Branches:
Dungeon (4/15)
 Temple: D:4-7

Altars:
Ashenzari
Ru
Uskayaw
Wu Jian
Zin


Innate Abilities, Weirdness & Mutations

You are immune to sickness and miasma.
You are immune to poison.
Your flesh is very heat resistant. (rF++)
You are vulnerable to cold. (rC-)
You float through the air rather than walking.
You learn spells naturally, not from books.
Your magical power is your life essence.
You have superior vitality. (+4 MHP)


Message History

The sky beast hits you. The sky beast shocks you.
You hit the sky beast.
The sky beast is severely wounded.
The sky beast hits you. The sky beast shocks you.
* * * LOW HITPOINT WARNING * * *
You hit the sky beast but do no damage.
The sky beast is severely wounded.
The sky beast hits you.
* * * LOW HITPOINT WARNING * * *
The sky beast shocks you.
* * * LOW HITPOINT WARNING * * *
Okay, then.
You barely miss the sky beast.
The sky beast is severely wounded.
The sky beast hits you but does no damage.
You closely miss the sky beast.
The sky beast is severely wounded.
The sky beast barely misses you.
You barely miss the sky beast.
The sky beast is severely wounded.
You block the sky beast's attack.
You barely miss the sky beast.
The sky beast is severely wounded.
The sky beast hits you but does no damage.
You closely miss the sky beast.
The sky beast is severely wounded.
The sky beast hits you.
* * * LOW HITPOINT WARNING * * *
The sky beast shocks you.
* * * LOW HITPOINT WARNING * * *
You hit the sky beast but do no damage.
The sky beast is severely wounded.
You hit the sky beast but do no damage.
The sky beast is severely wounded.
The sky beast flickers out of sight!
Deactivating autopickup; reactivate with Ctrl-A.
Something hits you.
* * * LOW HITPOINT WARNING * * *
Something shocks you.
You die...

#.# #.# #.### #.# #...#
#.# #...# #.# #...# #.#
#...##########.#
...######...##.........#
........'...##.#########
.#####@#...##.##
#..){#.......#
........#>......#
...######.......# ##
#.......# #.......#
#.......# #.####.##
#...:..#


There were no monsters in sight!

Vanquished Creatures
  Natasha (thrice) (D:3)
  8 adders
  3 worms
  5 dart slugs
  An orc (D:3)
  8 ball pythons
  6 endoplasms
  2 giant cockroaches
  11 goblins
  7 hobgoblins
  10 jackals
  2 quokkas
  2 bats (D:3)
  12 frilled lizards
  8 kobolds
  7 rats
95 creatures vanquished.

Notes
Turn   | Place    | Note
-------+----------+-------------------------------------------
     0 | D:1      | Azuregosa the Djinni Fighter began the quest for the Orb.
     0 | D:1      | Reached XP level 1. HP: 20/20 MP: 0/0
   127 | D:1      | Reached XP level 2. HP: 25/25 MP: 0/0
   465 | D:1      | Reached skill level 4 in Fighting
   465 | D:1      | Reached XP level 3. HP: 31/31 MP: 0/0
   465 | D:1      | Learned a level 1 spell: Sandblast
   918 | D:2      | Reached XP level 4. HP: 38/38 MP: 0/0
  1207 | D:2      | Reached skill level 5 in Fighting
  1562 | D:3      | Noticed Natasha
  1562 | D:3      | Found a broken altar of Ashenzari.
  1571 | D:3      | Killed Natasha
  1572 | D:3      | Reached XP level 5. HP: 36/43 MP: 0/0
  1572 | D:3      | Learned a level 2 spell: Passwall
  1615 | D:3      | Noticed Natasha
  1630 | D:3      | Killed Natasha
  1990 | D:3      | Reached skill level 1 in Spellcasting
  1990 | D:3      | Reached skill level 1 in Conjurations
  1990 | D:3      | Reached skill level 1 in Hexes
  1990 | D:3      | Reached skill level 1 in Summonings
  1990 | D:3      | Reached skill level 1 in Necromancy
  1990 | D:3      | Reached skill level 1 in Translocations
  1990 | D:3      | Reached skill level 1 in Transmutations
  1990 | D:3      | Reached skill level 1 in Fire Magic
  1990 | D:3      | Reached skill level 1 in Ice Magic
  1990 | D:3      | Reached skill level 1 in Air Magic
  1990 | D:3      | Reached skill level 1 in Earth Magic
  1990 | D:3      | Reached skill level 1 in Poison Magic
  2105 | D:3      | Found an ornate altar of the Wu Jian Council.
  2240 | D:3      | Noticed Natasha
  2250 | D:3      | Killed Natasha
  2251 | D:3      | Reached XP level 6. HP: 37/49 MP: 0/0
  2449 | D:3      | Found a glowing silver altar of Zin.
  2455 | D:3      | Found a hide-covered altar of Uskayaw.
  2460 | D:3      | Found a sacrificial altar of Ru.
  2830 | D:4      | Noticed a sky beast
  2875 | D:4      | HP: 2/49 [sky beast (5)]
  2877 | D:4      | Slain by a sky beast

Illustrated notes

Levels and vault maps discovered:
D:1:      dpeg_arrival_water_temple_mockup, layout_loops_ring,
          roderic_roman_lattice, minmay_lizard_pond
D:2:      layout_basic, minmay_bisected
D:3:      layout_loops_cross, minmay_overflow_temple_star_quad,
          nicolae_overflow_crystal_walls, pdpol_wu_jian_five_deadly_venoms,
          minivault_19, minmay_misc_feat_alley, serial_bayou_pond_b,
          saegor_snake_ambush, uniq_natasha
D:4:      minmay_angry_zag, layout_basic, grunt_dithmenos_smoke_and_mirrors,
          kennysheep_boxes

Skill      XL: |  1  2  3  4  5  6 |
---------------+-------------------+-----
Fighting       | 4 5 |  5.4
Spellcasting   | 1 |  1.7
Conjurations   | 1 |  1.7
Hexes          | 1 |  1.7
Summonings     | 1 |  1.7
Necromancy     | 1 |  1.7
Translocations | 1 |  1.7
Transmutations | 1 |  1.7
Fire Magic     | 1 |  1.7
Ice Magic      | 1 |  1.7
Air Magic      | 1 |  1.7
Earth Magic    | 1 |  1.7
Poison Magic   | 1 |  1.7
Shields        | 4 |  4.0
Short Blades   | |  1.7
Armour         | |  3.0

Action                     |  1- 3 |  4- 6 || total
---------------------------+-------+-------++-------
  Melee: Rapier            |   115 |    69 ||   184
         Short sword       |       |   188 ||   188
 Armour: Scale mail        |    55 |   154 ||   209
  Dodge: Dodged            |    52 |    85 ||   137
  Block: Buckler           |    14 |    56 ||    70

Table legend: (Time is in decaauts)
 A = Elapsed time spent in this place.
 B = Non-inter-level travel time spent in this place.
 C = Inter-level travel time spent in this place.
 D = Time resting spent in this place.
 E = Time spent auto-exploring this place.
 F = Levels seen in this place.
 G = Mean time per level.
                   A        B        C        D        E       F      G
               +--------+--------+--------+--------+--------+-----+--------+
         Total |   2901 |   2773 |    128 |    180 |   1765 |   4 |  725.2 |
       Dungeon |   2901 |   2773 |    128 |    180 |   1765 |   4 |  725.2 |
               +--------+--------+--------+--------+--------+-----+--------+

Top non-repeatable levels by time:
     D:3: 1069 daAuts
     D:1: 849 daAuts
     D:2: 740 daAuts
     D:4: 242 daAuts
